 Dungeon Crawl Stone Soup version 0.22-a0-248-gc8378ba (webtiles) character file.

175 KristoblXynda the Slasher (level 5, -3/41 HPs)
             Began as a Draconian Gladiator on Feb 28, 2018.
             Was a Follower of Yredelemnul.
             Slain by Grinder (9 damage)
             ... while paralysed by Grinder
             ... on level 3 of the Dungeon.
             The game lasted 00:04:01 (2249 turns).

KristoblXynda the Slasher (Draconian Gladiator)     Turns: 2249, Time: 00:04:01

Health: -3/41      AC:  5    Str: 17    XL:     5   Next: 29%
Magic:  5/5        EV:  2    Int:  9    God:    Yredelemnul [*.....]
Gold:   104        SH:  0    Dex: 12    Spells: 4/4 levels left

rFire    . . .     SeeInvis .   a - +1 long sword
rCold    . . .     Gourm    .   (no shield)
rNeg     . . .     Faith    .   (armour unavailable)
rPois    .         Spirit   .   b - +0 hat
rElec    .         Reflect  .   (no cloak)
rCorr    .         Harm     .   (no gloves)
MR       .....                  (no boots)
Stlth    +.........             (no amulet)
HPRegen  0.13/turn              (no ring)
MPRegen  0.09/turn              (no ring)

@: paralysed
A: unfitting armour, cold-blooded, AC +5
a: Animate Remains, Renounce Religion


You were on level 3 of the Dungeon.
You worshipped Yredelemnul.
Yredelemnul was aware of your devotion.
You were hungry.

You visited 1 branch of the dungeon, and saw 3 of its levels.

You collected 104 gold pieces.

Inventory:

Hand Weapons
 a - a +1 long sword (weapon)
Missiles
 c - 2 throwing nets (quivered)
 k - 5 javelins
Armour
 b - a +0 hat (worn)
Wands
 p - a wand of disintegration (17)
Scrolls
 e - a scroll of teleportation
 h - a scroll of identify {unknown}
Potions
 f - a potion of haste {unknown}
 g - a potion of curing
 j - a potion of agility {unknown}
Comestibles
 d - 8 rations


   Skills:
 - Level 2.1 Fighting
 * Level 5.1 Long Blades
 - Level 2.0 Throwing
 + Level 3.8 Dodging


You had 4 spell levels left.
You didn't know any spells.

Dungeon Overview and Level Annotations

Branches:
Dungeon (3/15)

Altars:
Wu Jian
Yredelemnul

Annotations:
D:3 Grinder


Innate Abilities, Weirdness & Mutations

Your plain brown scales are hard. (AC +5)
You cannot fit into any form of body armour.
You are cold-blooded and may be slowed by cold attacks.


Message History

Pain shoots through your body! Grinder gestures at you.
Pain shoots through your body!
You hit Grinder.
Grinder is severely wounded.
Grinder hits you but does no damage.
You hit Grinder.
Grinder is almost dead.
Grinder gestures at you.
You suddenly lose the ability to move!
Grinder hits you.
* * * LOW HITPOINT WARNING * * *
Grinder hits you.
* * * LOW HITPOINT WARNING * * *
You writhe in agony.
* * * LOW HITPOINT WARNING * * *
Grinder hits you but does no damage.
Grinder blinks!
Grinder hits you!
You die...
Your body rises from the dead as a mindless zombie.

#... #...# ######## #...#
#......# ###<..###......#
.......##......# #....##......# #
#####....##......#
#.##########....5.#..#......#####
#..........')...@................
#..........#......##........####.
#.####...#.#......###.......# #.
#.####.#.#.#......# #..###### #.
#......#.#.######## ##.# #.
#....###.#.# #.# #. #........#.#
#.. #. #....#.....# ##.#. #.
#..†.###.### #.#.##.###.


You could see Grinder.

Vanquished Creatures
  An orc wizard (D:3)
  Robin (D:3)
  4 adders
  4 oozes
  An adder zombie (D:3)
  7 orcs
  3 bats
  3 giant cockroaches
  20 goblins
  7 hobgoblins
  4 jackals (D:2)
  7 kobolds
  A quokka (D:2)
  A ball python (D:3)
  3 frilled lizards
  4 rats
71 creatures vanquished.

Notes
Turn   | Place    | Note
-------+----------+-------------------------------------------
     0 | D:1      | KristoblXynda the Draconian Gladiator began the quest for the Orb.
     0 | D:1      | Reached XP level 1. HP: 17/17 MP: 1/1
   228 | D:1      | Reached XP level 2. HP: 19/24 MP: 2/2
   654 | D:2      | Reached XP level 3. HP: 29/29 MP: 3/3
   903 | D:2      | Reached skill level 4 in Long Blades
   930 | D:2      | Found a basalt altar of Yredelemnul.
   942 | D:2      | Became a worshipper of Yredelemnul the Dark
   975 | D:2      | Reached XP level 4. HP: 31/36 MP: 4/4
  1590 | D:3      | Found an ornate altar of the Wu Jian Council.
  1601 | D:3      | Noticed Robin
  1621 | D:3      | Reached XP level 5. HP: 10/41 MP: 5/5
  1625 | D:3      | Reached * piety under Yredelemnul
  1668 | D:3      | Killed Robin
  1668 | D:3      | Reached skill level 5 in Long Blades
  2003 | D:3      | Noticed Grinder
  2230 | D:3      | Paralysed by Grinder for 2 turns
  2243 | D:3      | Paralysed by Grinder for 7 turns
  2249 | D:3      | Slain by Grinder

Vault maps used:
D:1:      tarquinn_simple_flora_water_a
D:2:      marbit_many_paths, first_ration, wad_orctagon
D:3:      lemuel_crystal_altar, uniq_robin, uniq_grinder, uniq_natasha

Skill      XL: |  1  2  3  4  5 |
---------------+----------------+-----
Throwing       | 2 |  2.0
Dodging        | 3 |  3.8
Long Blades    | 4 5 |  5.1
Fighting       | |  2.1

Action                   |  1- 3 |  4- 6 || total
-------------------------+-------+-------++-------
Melee: Long sword        |    82 |    94 ||   176
       Tailslap          |     9 |    15 ||    24
Throw: Throwing net      |       |     1 ||     1
  Use: Potion            |       |     5 ||     5
       Scroll            |       |     3 ||     3
 Stab: Held in net/web   |       |     1 ||     1
  Eat: Chunk             |       |     4 ||     4
Armor: Skin              |    33 |    53 ||    86
Dodge: Dodged            |    59 |    62 ||   121
       Rpst.: Long sword |    18 |    19 ||    37

Table legend:
 A = Spawn XP
 B = Non-spawn XP
 C = Spawn XP percentage of total XP
 D = Spawn monster count
 E = Non-spawn monster count
 F = Spawn count percentage of total count
 G = Total turns spent on level
                    A         B        C        D         E        F      G
               +---------+---------+-------+---------+---------+-------+---------
         Total |       0 |     250 |   0.0 |       0 |      71 |   0.0 |  2249
               +---------+---------+-------+---------+---------+-------+---------
           D:1 |       0 |      38 |   0.0 |       0 |      15 |   0.0 |   621
           D:2 |       0 |     101 |   0.0 |       0 |      30 |   0.0 |   701
           D:3 |       0 |     111 |   0.0 |       0 |      26 |   0.0 |   927
               +---------+---------+-------+---------+---------+-------+---------
